 Dungeon Crawl Stone Soup version 0.19.5 (webtiles) character file.

3372 miragecloak the Basher (level 10, -12/76 HPs)
             Began as a Formicid Abyssal Knight on Apr 27, 2017.
             Was a Priest of Lugonu.
             Killed by divine providence
             ... invoked by a meliai
              (15 damage)
             ... on level 13 of the Dungeon.
             The game lasted 00:19:20 (10773 turns).

miragecloak the Basher (Formicid Abyssal Knight)   Turns: 10773, Time: 00:19:21

Health: -12/76     AC: 17    Str: 25    XL:     10   Next: 23%
Magic:  16/16      EV: 10    Int:  6    God:    Lugonu [***...]
Gold:   464        SH:  0    Dex: 13    Spells: 0 memorised, 9 levels left

rFire  . . .     SeeInvis +     o - +2 flail (protect)
rCold  . . .     Gourm    .     C - +2 scale mail "Xobum" {rPois Str+7 Int-5}
rNeg   . . .     Faith    .     (no shield)
rPois  +         Spirit   .     (helmet unavailable)
rElec  .         Reflect  .     g - +0 cloak
rCorr  .         Harm     .     (no gloves)
MR     +....                    (no boots)
Stlth  +.........               (no amulet)
                                z - ring of stealth
                                (no ring)

@: protection aura
A: permanent stasis, dig shafts and tunnels, four strong arms, antennae 3
a: Dig, Shaft Self, Depart the Abyss, Bend Space, Banish, Renounce Religion


You were on level 13 of the Dungeon.
You worshipped Lugonu.
Lugonu was most pleased with you.
You were not hungry.

You visited 1 branch of the dungeon, and saw 12 of its levels.
You visited the Abyss 1 time.

You collected 464 gold pieces.

Inventory:

Hand Weapons
 o - a +2 flail of protection (weapon)
Armour
 b - a +0 leather armour
 g - a +0 cloak (worn)
 C - the +2 scale mail "Xobum" (worn) {rPois Str+7 Int-5}
   (You found it on level 11 of the Dungeon)

   It affects your strength (+7).
   It affects your intelligence (-5).
   It protects you from poison.
Jewellery
 s - an uncursed ring of ice
 z - a ring of stealth (right hand)
Wands
 q - a wand of polymorph (6/24)
 w - a wand of slowing (16/48)
Scrolls
 e - 7 scrolls of identify {unknown}
 l - 2 scrolls of remove curse {unknown}
 m - 2 scrolls of random uselessness {unknown}
 p - a scroll of blinking {unknown}
 r - a scroll of enchant armour {unknown}
 u - a scroll of noise {unknown}
 v - 4 scrolls of amnesia {unknown}
 x - a scroll of teleportation {unknown}
Potions
 f - 4 potions of curing
 i - a potion of brilliance {unknown}
 k - a potion of beneficial mutation {unknown}
 n - 3 potions of agility
 A - a potion of degeneration {unknown}
Books
 t - a book of Air

   Spells                             Type                      Level
   a - Shock                          Conjuration/Air              1
   b - Swiftness                      Charms/Air                   2
   c - Repel Missiles                 Charms/Air                   2
   d - Static Discharge               Conjuration/Air              3
   e - Lightning Bolt                 Conjuration/Air              5
 y - a book of Conjurations

   Spells                             Type                      Level
   a - Magic Dart                     Conjuration                  1
   b - Searing Ray                    Conjuration                  2
   c - Dazzling Spray                 Conjuration/Hexes            3
   d - Fulminant Prism                Conjuration/Hexes            4
   e - Iskenderun's Mystic Blast      Conjuration                  4
   f - Iskenderun's Battlesphere      Conjuration/Charms           5
Comestibles
 c - 7 bread rations
 h - 4 meat rations
 j - 7 beef jerkies
 B - a chunk of flesh


   Skills:
 - Level 6.2 Fighting
 + Level 10.3 Maces & Flails
 - Level 5.6 Armour
 - Level 0.8 Dodging
 - Level 8.1 Invocations


You had 9 spell levels left.
You didn't know any spells.

Dungeon Overview and Level Annotations

Branches:
Dungeon (13/15)
 Temple: D:4-7         Lair: D:8-11         Orc: D:9-12      Vaults: D:13-14

Altars:
Fedhas
Kikubaaqudgha
Makhleb
Qazlal
Ru
Xom
Zin
The Shining One

Shops:
D:4 *

Annotations:
D:4 Ayoxin's ghost, amateur TrBe
D:5 Dowan; Duvessa


Innate Abilities, Weirdness & Mutations

You are under a permanent stasis effect.
You can dig through walls and to a lower floor.
Your four strong arms can wield two-handed weapons with a shield.
You have a pair of large antennae on your head. (SInv)


Message History

The meliai hits you but does no damage. The meliai stings you.
You miss the meliai. The meliai barely misses you.
The meliai stings you but does no damage.
You closely miss the meliai. The meliai hits you with a war axe!
The meliai closely misses you. The meliai completely misses you.
The meliai stings you but does no damage.
You sock the meliai!
Your weapon exudes an aura of protection.
The meliai is moderately wounded.
The meliai mumbles some strange prayers to its god against you.
Something smites you!
* * * LOW HITPOINT WARNING * * *
You hit the meliai.
The meliai is heavily wounded.
The meliai hits you with a war axe!
* * * LOW HITPOINT WARNING * * *
The meliai stings you but does no damage.
The meliai invokes the aid of its god against you.
Something smites you!
You die...

#..............
#..............
#.............#
#.............#
.###.............#
..................
..................
#...y@..# #..###..#
#..# #..#
#..###..##############
#.....)...............
......................
#......................
#...###...#########..##
#...# #...# #..#


You could see a meliai.

Vanquished Creatures
  An ugly thing (D:12)
  A hornet (D:12)
  A two-headed ogre (D:12)
  Grinder (D:3)
  A warg (D:8)
  A sky beast (D:5)
  An orc warrior (D:7)
  2 ice beasts
  A necrophage (D:6)
  A centaur (D:8)
  A big kobold (D:8)
  3 bullfrogs
  A scorpion (D:6)
  3 crimson imps
  A hound (D:4)
  2 orc wizards (D:3)
  A bullfrog skeleton (D:5)
  6 orc priests
  2 gnoll shamans
  4 iguanas
  3 worker ants
  A killer bee zombie (D:5)
  3 hound skeletons
  A worker ant zombie (D:7)
  9 gnolls
  A howler monkey skeleton (D:6)
  11 adders
  3 shadow imps
  2 oozes
  An adder skeleton (D:4)
  3 worms
  4 dart slugs
  3 leopard geckos
  22 orcs
  4 giant cockroaches
  5 goblins
  15 hobgoblins
  2 ball pythons
  10 bats
  6 frilled lizards
  2 giant cockroach zombies
  10 kobolds
  A quokka skeleton (D:4)
  11 rats
168 creatures vanquished.

Vanquished Creatures (others)
  A hill giant (D:13)
  A komodo dragon (D:12)
  An ogre (D:7)
  A fungus (D:7)
  5 toadstools (D:1)
9 creatures vanquished.

Grand Total: 177 creatures vanquished

Notes
Turn   | Place    | Note
-------+----------+-------------------------------------------
     0 | Abyss:1  | miragecloak the Formicid Abyssal Knight began the quest for the Orb.
     0 | Abyss:1  | Reached XP level 1. HP: 18/18 MP: 2/2
    39 | Abyss:1  | Noticed an ancient zyme
    39 | D:1      | Escaped the Abyss
    52 | D:1      | Reached * piety under Lugonu
    70 | D:1      | Reached XP level 2. HP: 7/24 MP: 3/3
   244 | D:1      | Reached skill level 3 in Maces & Flails
   584 | D:1      | Reached XP level 3. HP: 22/29 MP: 4/4
  1035 | D:2      | Found a faded altar of an unknown god.
  1151 | D:2      | Reached skill level 4 in Maces & Flails
  1151 | D:2      | Reached XP level 4. HP: 15/35 MP: 5/5
  1379 | D:2      | Found an ancient bone altar of Kikubaaqudgha.
  2182 | D:2      | Reached ** piety under Lugonu
  2510 | D:3      | Reached XP level 5. HP: 32/41 MP: 6/6
  2827 | D:3      | Reached skill level 5 in Maces & Flails
  3358 | D:4      | Found Zin's Purification Station.
  3361 | D:4      | Found a glowing silver altar of Zin.
  3473 | D:4      | Reached XP level 6. HP: 45/47 MP: 7/7
  3522 | D:4      | Noticed Ayoxin's ghost (amateur TrBe)
  3581 | D:3      | Reached skill level 6 in Maces & Flails
  4009 | D:3      | Noticed Grinder
  4021 | D:3      | Killed Grinder
  4021 | D:3      | Reached skill level 7 in Maces & Flails
  4021 | D:3      | Reached XP level 7. HP: 42/52 MP: 8/8
  5415 | D:4      | Reached *** piety under Lugonu
  5783 | D:5      | Entered Level 5 of the Dungeon
  5820 | D:5      | Noticed Duvessa
  5881 | D:5      | Reached skill level 8 in Maces & Flails
  5881 | D:5      | Reached XP level 8. HP: 29/58 MP: 10/10
  6459 | D:5      | Found a stormy altar of Qazlal.
  6587 | D:5      | Noticed Dowan
  7048 | D:6      | Found a glowing golden altar of the Shining One.
  7126 | D:6      | Got an encrusted glaive
  7295 | D:6      | Found a burning altar of Makhleb.
  7304 | D:6      | Reached skill level 5 in Invocations
  7487 | D:6      | Found a blossoming altar of Fedhas.
  7587 | D:6      | Reached skill level 5 in Fighting
  8568 | D:7      | Reached XP level 9. HP: 22/69 MP: 12/14
  9281 | D:8      | Noticed a hippogriff
  9312 | D:8      | You fall through a shaft!
  9668 | D:9      | Found a faded altar of an unknown god.
  9668 | D:9      | Found a faded altar of an unknown god.
  9673 | D:9      | Found a faded altar of an unknown god.
  9675 | D:9      | Found a shimmering altar of Xom.
  9677 | D:9      | Found a faded altar of an unknown god.
  9836 | D:9      | Reached skill level 9 in Maces & Flails
  9856 | D:9      | You fall through a shaft for 2 floors!
  9856 | D:11     | Noticed an unseen horror
 10034 | D:11     | Noticed an unseen horror
 10187 | D:11     | Noticed a kobold demonologist
 10201 | D:11     | Got a scorched scale mail
 10203 | D:11     | Noticed an ice devil
 10215 | D:11     | You fall through a shaft for 2 floors!
 10226 | D:13     | Identified the +2 scale mail "Xobum" {rPois Str+7 Int-5} (You found it on level 11 of the Dungeon)
 10325 | D:13     | Noticed a hill giant
 10330 | D:13     | Banished a hill giant
 10369 | D:13     | Noticed a slime creature
 10369 | D:13     | Noticed a slime creature
 10369 | D:13     | Noticed a slime creature
 10377 | D:13     | Noticed a slime creature
 10377 | D:13     | Noticed a slime creature
 10378 | D:13     | Noticed a slime creature
 10379 | D:12     | Noticed a komodo dragon
 10381 | D:12     | Noticed a white ugly thing
 10390 | D:12     | Found a sacrificial altar of Ru.
 10395 | D:12     | Banished a komodo dragon
 10433 | D:11     | Noticed an unseen horror
 10452 | D:12     | Noticed a two-headed ogre
 10455 | D:12     | Killed a two-headed ogre
 10455 | D:12     | Reached skill level 5 in Armour
 10455 | D:12     | Reached XP level 10. HP: 49/76 MP: 16/16
 10695 | D:12     | Noticed a green ugly thing
 10706 | D:12     | Killed a green ugly thing
 10706 | D:12     | Reached skill level 10 in Maces & Flails
 10718 | D:12     | You fall through a shaft!
 10773 | D:13     | HP: 3/76 [meliai/war axe (10)]
 10773 | D:13     | Killed from afar by a meliai

Skill      XL: |  1  2  3  4  5  6  7  8  9 10 |
---------------+-------------------------------+-----
Maces & Flails | 3 4 5 7 8 9 10 | 10.3
Invocations    | 3 6 8 |  8.1
Fighting       | 5 6 |  6.2
Armour         | 5 |  5.6
Dodging        | |  0.8

Action                   |  1- 3 |  4- 6 |  7- 9 | 10-12 || total
-------------------------+-------+-------+-------+-------++-------
Melee: Mace              |    77 |   104 |       |       ||   181
       Flail             |       |    70 |   442 |    33 ||   545
Invok: Depart the Abyss  |     1 |       |       |       ||     1
       Banish            |       |       |     3 |       ||     3
 Abil: Shaft Self        |       |       |     3 |     1 ||     4
       Dig               |       |       |     1 |       ||     1
  Use: Potion            |       |     1 |     1 |     3 ||     5
 Stab: Distracted        |       |     1 |     1 |       ||     2
       Sleeping          |       |       |     1 |       ||     1
  Eat: Chunk             |     1 |     8 |    18 |     3 ||    30
       Beef jerky        |       |       |     2 |       ||     2
       Pizza             |       |       |     1 |       ||     1
Armor: Leather armour    |    21 |    86 |   144 |       ||   251
       Scale mail        |       |       |     1 |    16 ||    17
Dodge: Dodged            |    52 |   127 |   225 |     8 ||   412
